 Dungeon Crawl Stone Soup version 0.17-a0-977-g4154171 (webtiles) character file.

16 Hanyuu the Insei (level 2, 18/18 HPs)
             Began as an Octopode Transmuter on May 10, 2015.
             Quit the game on level 1 of the Dungeon.
             The game lasted 00:02:05 (835 turns).

Hanyuu the Insei (Octopode Transmuter)               Turns: 835, Time: 00:02:05

Health: 18/18      AC:  1    Str:  9    XL:     2   Next: 58%
Magic:  5/5        EV: 12    Int: 15    God:
Gold:   38         SH:  0    Dex: 12    Spells: 2 memorised, 2 levels left

rFire  . . .     SeeInvis .       - Unarmed
rCold  . . .     Clarity  .     (no shield)
rNeg   . . .     SustAb   .     (helmet restricted)
rPois  .         Gourm    .     (no amulet)
rElec  .         Spirit   .     (no ring)
rCorr  .         Warding  .     (no ring)
rMut   .         Stasis   .     (no ring)
MR     .....                    (no ring)
Stlth  ++........               (no ring)
                                (no ring)
                                (no ring)
                                (no ring)

@: not resistant to hostile enchantments, unstealthy
A: almost no armour, amphibious, 8 rings, constrict 8, camouflage 1, gelatinous
body 1
a: no special abilities


You were on level 1 of the Dungeon.
You were not hungry.

You visited 1 branch of the dungeon, and saw 1 of its levels.

You collected 38 gold pieces.

Inventory:

Missiles
 a - 12 arrows
Scrolls
 e - a scroll of enchant armour {unknown}
 i - a scroll of teleportation {unknown}
 l - a scroll of amnesia {unknown}
Potions
 d - 2 potions of heal wounds {unknown}
 f - 2 potions of flight {unknown}
 g - 2 potions of resistance {unknown}
 k - 2 potions of curing {unknown}
 m - a potion of haste {unknown}
Books
 b - a book of Changes

   Spells                             Type                      Level
   a - Beastly Appendage              Transmutation                1
   b - Sticks to Snakes               Transmutation                2
   c - Spider Form                    Transmutation/Poison         3
   d - Ice Form                       Ice/Transmutation            4
   e - Blade Hands                    Transmutation                5
Comestibles
 c - a bread ration
 h - 5 fruits
 j - a slice of pizza


   Skills:
 - Level 1.0 Fighting
 - Level 2.0 Dodging
 + Level 3.8 Unarmed Combat
 - Level 2.0 Spellcasting
 - Level 2.0 Transmutations


You had 2 spell levels left.
You knew the following spells:

 Your Spells              Type           Power        Failure   Level  Hunger
a - Beastly Appendage     Trmt           #.....       12%         1    #......
b - Sticks to Snakes      Trmt           #.........   14%         2    ###....


Dungeon Overview and Level Annotations

Branches:
Dungeon (1/15)

Altars:


Innate Abilities, Weirdness & Mutations

You cannot wear most types of armour.
You are amphibious.
You can wear up to eight rings at the same time.
You can use your tentacles to constrict eight enemies at once.
Your skin changes colour to match your surroundings (Stealth).
Your rubbery body absorbs attacks (AC +1).


Message History

You kill the rat!
No target in view!
Found a ring mail.
No target in view!
m - a brown potion You see here a ring mail.
A ball python comes into view.
A ball python is nearby!
The ball python bites you. The ball python closely misses you.
The ball python bites you but does no damage.
The ball python grabs you. The ball python constricts you.
You tentacle-slap the ball python.
You kill the ball python!
No target in view!
k - 2 dark potions (gained 1)
There is a stone staircase leading down here.
You see here a club.
Done exploring.
Done exploring.
Are you sure you want to abandon this character and quit the game? (Confirm with "yes".)

#.##...⌠.(.......⌠...##.####
###.#.........≈.........#.#
#...#...⌠...........⌠...#.#
#.###<.....≈.....≈........#
#.# #...⌠...........⌠...###
#.# #.........≈.........#
####.# ##...⌠.........⌠...##
.....# #......⌠...⌠......#
###### ##......@........##
####.........####
###########


There were no monsters in sight!

Vanquished Creatures
  A ball python (D:1)
  A giant cockroach (D:1)
  4 goblins (D:1)
  2 hobgoblins (D:1)
  A kobold (D:1)
  A bat (D:1)
  A giant newt (D:1)
  5 rats (D:1)
16 creatures vanquished.

Notes
Turn   | Place    | Note
--------------------------------------------------------------
     0 | D:1      | Hanyuu, the Octopode Transmuter, began the quest for the Orb.
     0 | D:1      | Reached XP level 1. HP: 13/13 MP: 3/3
   346 | D:1      | Reached XP level 2. HP: 16/18 MP: 5/5
   374 | D:1      | Learned a level 2 spell: Sticks to Snakes
   835 | D:1      | Quit the game

Vault maps used:
D:1:      dpeg_arrival_stone_temple_mockup, hangedman_glass_teeth

Action                   || total
-------------------------++-------
Melee: Unarmed           ||    28
 Stab: Sleeping          ||     2
